 Dungeon Crawl Stone Soup version 0.30.1-3-gfc49f6343a (webtiles) character file.

Game seed: 9311426412466075305

151 Babbit the Covered (level 5, 0/47 HPs)
             Began as a Minotaur Fighter on Aug 6, 2023.
             Was an Initiate of Okawaru.
             Slain by a lemure (6 damage)
             ... led by Pikel
             ... on level 3 of the Dungeon.
             The game lasted 00:07:40 (2421 turns).

Babbit the Covered (Minotaur Fighter)               Turns: 2421, Time: 00:07:41

Health: 0/47       AC:  7    Str: 22 (23) XL:     5   Next: 11%
Magic:  4/4        EV:  9    Int:  3 (5)  God:    Okawaru [......]
Gold:   123        SH:  4    Dex:  8 (9)  Spells: 4/4 levels left

rFire   . . .        a - +0 war axe
rCold   . . .        c - +0 buckler
rNeg    . . .        b - +0 scale mail
rPois   .            (helmet unavailable)
rElec   .            (no cloak)
rCorr   .            (no gloves)
SInv    .            (no boots)
Will    .....        (no amulet) Stlth
                     (no ring)
HPRegen 0.27/turn    (no ring)
MPRegen 0.09/turn

%: random rage (3%)
@: no status effects
A: horns 3, retaliatory headbutt, talons 1, berserk 1
a: Renounce Religion


You were on level 3 of the Dungeon.
You worshipped Okawaru.
Okawaru was noncommittal.
You visited 1 branch of the dungeon, and saw 4 of its levels.

You collected 123 gold pieces.

Inventory:

Hand Weapons
 a - a +0 war axe (weapon)
Armour
 b - a +0 scale mail (worn)
 c - a +0 buckler (worn)
Jewellery
 g - a ring of magical power
Scrolls
 l - a scroll of poison {unknown}
 m - a scroll of identify {unknown}
 o - a scroll of teleportation {unknown}
Potions
 d - a potion of might
 e - a potion of degeneration
 f - a potion of curing {unknown}
 h - a potion of berserk rage {unknown}
 i - a potion of mutation
 j - a potion of magic {unknown}
 n - a potion of flight {unknown}


   Skills:
 + Level 4.5 Fighting
 * Level 4.4 Axes
 + Level 4.5 Armour
 + Level 4.4 Shields


You had 4 spell levels left.
You didn't know any spells.
Your spell library contained the following spells:

 Spells                   Type           Power      Damage    Failure   Level
 Dazzling Flash           Conj/Hex       0%         N/A       99%         3
 Volatile Blastmotes      Fire/Tloc      0%         2d10      99%         3
 Iskenderun's Mystic Bla  Conj/Tloc      0%         2d3       100%        4
 Starburst                Conj/Fire      0%         6d3       100%        6


Dungeon Overview and Level Annotations

Branches:
Dungeon (4/15)
 Temple: D:4-7

Altars:
Elyvilon
Nemelex Xobeh
Okawaru
Qazlal

Shops:
D:2 [   D:4 (

Annotations:
D:4 Pikel


Innate Abilities, Weirdness & Mutations

You have a pair of large horns on your head.
You reflexively headbutt those who attack you in melee.
You have sharp toenails.
You sometimes lose your temper in combat.


Message History

You kill the ball python!
Okawaru accepts your kill. The lemure hits you.
The orc hits you but does no damage. The lemure hits you but does no damage.
You hit the lemure. You headbutt the lemure.
The lemure is lightly wounded.
You closely miss the orc. You closely miss the lemure.
You block the orc's attack. The lemure hits you! The lemure hits you. x2
The lemure misses you. The orc misses you. You furiously retaliate!
You headbutt the orc. You closely miss the lemure.
The lemure is lightly wounded.
You slash the lemure! You barely miss the orc. The lemure hits you.
You block the orc's attack. The lemure barely misses you.
You closely miss the lemure.
The lemure is lightly wounded.
You barely miss the orc. You closely miss the lemure. The lemure hits you.
* * * LOW HITPOINT WARNING * * *
The lemure closely misses you. The orc hits you but does no damage.
It was a potion of mutation.
You feel extremely strange. The horns on your head grow some more.
You feel a little pissed off.
Your toenails lengthen and sharpen.
The lemure closely misses you. The lemure hits you.
* * * LOW HITPOINT WARNING * * *
The orc hits you but does no damage.
It was a potion of degeneration.
There was something very wrong with that liquid.
You feel weakened.
You feel dopey.
You feel clumsy. The lemure hits you.
* * * LOW HITPOINT WARNING * * *
The lemure barely misses you. You furiously retaliate!
You headbutt the lemure! The orc closely misses you.
This is a scroll of acquirement!
Something appears at your feet! The lemure hits you but does no damage.
You block the lemure's attack. You block the orc's attack.
You slash the orc!
You kill the orc!
Okawaru accepts your kill.
You hit the lemure. You slash the lemure! The lemure hits you.
You die...

##≈≈≈##.....P......####
##≈≈⌠≈≈##..#P.#PP#..#
#≈≈...≈≈≈≈≈≈≈≈≈≈≈≈≈.#
#≈⌠._.........).....#
#≈≈...≈≈≈≈≈≈≈≈≈≈≈≈≈##
##≈≈⌠≈≈##..#..#..#P#
##≈≈≈##..........P###
#####))..#####.....###
#@†...............
#55...####.....###
#S....# #.....#
#.....############
#.........)......)
#.....############
#.....# #.....# #
####### #


You could see 2 lemures and an adder.

Vanquished Creatures
  2 orc priests (D:3)
  An adder (D:3)
  A worm (D:3)
  3 dart slugs
  5 orcs (D:3)
  5 ball pythons
  6 endoplasms
  2 giant cockroaches (D:2)
  8 goblins
  5 hobgoblins
  2 jackals (D:1)
  5 quokkas
  4 bats (D:3)
  5 frilled lizards
  5 kobolds
  7 rats
66 creatures vanquished.

Notes
Turn   | Place    | Note
-------+----------+-------------------------------------------
     0 | D:1      | Babbit the Minotaur Fighter began the quest for the Orb.
     0 | D:1      | Reached XP level 1. HP: 19/19 MP: 0/0
    56 | D:1      | Found a faded altar of an unknown god.
   117 | D:1      | Reached XP level 2. HP: 27/27 MP: 1/1
   578 | D:1      | Reached XP level 3. HP: 25/33 MP: 2/2
  1371 | D:2      | You fall into a shaft and drop 1 floor!
  1395 | D:3      | Found a sparkling altar of Nemelex Xobeh.
  1499 | D:2      | Found Huof's Armour Boutique.
  1567 | D:3      | Reached XP level 4. HP: 38/40 MP: 3/3
  1821 | D:3      | Found a stormy altar of Qazlal.
  1917 | D:3      | Found an iron altar of Okawaru.
  1936 | D:3      | Became a worshipper of Warmaster Okawaru
  2000 | D:3      | Found a white marble altar of Elyvilon.
  2404 | D:4      | Noticed Pikel
  2404 | D:4      | Noticed a lemure
  2404 | D:4      | Noticed a lemure
  2404 | D:4      | Noticed a lemure
  2404 | D:4      | Found Votwuat's Antique Weapon Shoppe.
  2409 | D:3      | Reached XP level 5. HP: 46/47 MP: 4/4
  2410 | D:4      | Noticed a lemure
  2418 | D:3      | Gained mutation: You have a pair of large horns on your
                  | head. [potion of mutation]
  2418 | D:3      | Gained mutation: You sometimes lose your temper in combat.
                  | [potion of mutation]
  2418 | D:3      | Gained mutation: You have sharp toenails. [potion of
                  | mutation]
  2420 | D:3      | Identified a scroll of acquirement
  2420 | D:3      | Acquired the +2 pair of boots of the Eternal Void {rElec}
  2421 | D:3      | Slain by a lemure

Illustrated notes

Levels and vault maps discovered:
D:1:      roderic_dead_forest, layout_basic, nicolae_ecumenical_lake_church
D:2:      layout_basic, serial_shops, shop
D:3:      layout_basic, lemuel_doored_altar, nicolae_elyvilon_temple_path,
          mainiacjoe_overflow_six_doors_small, okawaru_metal_pillars_1_2
D:4:      layout_loops_ring, nicolae_stop_n_shop_2, kennysheep_generic_room_8,
          uniq_blork_the_orc, uniq_robin, uniq_pikel

Skill      XL: |  1  2  3  4 |
---------------+-------------+-----
Axes           | 3 4 |  4.4
Armour         | 4 |  4.5
Fighting       | 4 |  4.5
Shields        | 4 |  4.4

Action                     |  1- 3 |  4- 6 || total
---------------------------+-------+-------++-------
  Melee: War axe           |   102 |    38 ||   140
         Headbutt          |     8 |     6 ||    14
    Use: Scroll            |     1 |     1 ||     2
         Potion            |       |     2 ||     2
 Armour: Scale mail        |    48 |    25 ||    73
  Dodge: Dodged            |    55 |    19 ||    74
  Block: Buckler           |    23 |    13 ||    36
